 Dungeon Crawl Stone Soup version 0.19-a0-1704-gbd66c22 (webtiles) character file.

1156 Goblin1989 the Covert (level 8, -2/42 HPs)
             Began as a Vine Stalker Assassin on Sept 27, 2016.
             Was a Believer of Uskayaw.
             Slain by a gnoll
             ... wielding a +1 flail of draining
              (4 damage)
             ... on level 7 of the Dungeon.
             The game lasted 00:19:00 (4384 turns).

Goblin1989 the Covert (Vine Stalker Assassin)       Turns: 4384, Time: 00:19:01

Health: -2/42      AC: 13    Str: 15    XL:     8   Next: 39%
Magic:  0/9        EV: 11    Int: 11    God:    Uskayaw [**....]
Gold:   301        SH:  0    Dex: 17    Spells: 0 memorised, 7 levels left

rFire  . . .     SeeInvis +     C - +1 dagger (protect)
rCold  . . .     Gourm    .     c - +0 robe
rNeg   . . .     Faith    .     (no shield)
rPois  .         Spirit   +     b - +1 helmet
rElec  .         Dismiss  .     d - +0 cloak
rCorr  .         Reflect  .     (no gloves)
MR     +....     Harm     .     (no boots)
Stlth  +++++.....               (no amulet)
                                s - ring of see invisible
                                x - ring of stealth

@: protection aura, heavily drained
A: fangs 3, regeneration 1, magic shield, antimagic bite, no device heal 3, rot
immunity
a: Stomp, Line Pass, Renounce Religion


You were on level 7 of the Dungeon.
You worshipped Uskayaw.
Uskayaw was noncommittal.
You were very hungry.

You visited 2 branches of the dungeon, and saw 8 of its levels.
You also visited: Sewer.

You collected 301 gold pieces.

Inventory:

Hand Weapons
 a - a +3 dagger
 q - a +0 blowgun {@w1}
 C - a +1 dagger of protection (weapon)
Missiles
 e - 38 poisoned needles
 f - 2 curare-tipped needles
Armour
 b - a +1 helmet (worn)
 c - a +0 robe (worn)
 d - a +0 cloak (worn)
Jewellery
 s - a ring of see invisible (right hand)
 x - a ring of stealth (left hand)
Wands
 B - a wand of flame (15/48)
Scrolls
 h - a scroll of enchant weapon
 j - 2 scrolls of immolation {unknown}
 p - a scroll of fear
 v - a scroll of blinking {unknown}
 w - 2 scrolls of amnesia {unknown}
 y - a scroll of noise {unknown}
 A - a scroll of teleportation {unknown}
 E - 2 scrolls of remove curse {@r2}
Potions
 i - 3 potions of flight {unknown}
 l - 8 potions of curing {@q1}
 n - 2 potions of invisibility
 r - a potion of mutation {unknown}
 t - 2 potions of might {unknown}
 u - a potion of agility {unknown}
 z - a potion of haste {unknown}
 D - 2 potions of ambrosia {unknown}
 F - a potion of resistance {unknown}
 G - a potion of berserk rage {unknown}
Comestibles
 g - 6 bread rations
 k - 2 meat rations
 m - a fruit
 o - a beef jerky


   Skills:
 + Level 3.7(2.4) Fighting
 * Level 6.6(5.2) Short Blades
 - Level 1.7(0.5) Throwing
 + Level 1.5(0.3) Dodging
 + Level 8.4(6.9) Stealth


You had 7 spell levels left.
You didn't know any spells.

Dungeon Overview and Level Annotations

Branches:
Dungeon (7/15)             Temple (1/1) D:6

Altars:
Ashenzari
Dithmenos
Fedhas
Hepliaklqana
Kikubaaqudgha
Makhleb
Nemelex Xobeh
Qazlal
Uskayaw
Vehumet
Xom
Yredelemnul
Zin
The Shining One

Annotations:
D:4 exclusion: Sigmund, Grinder, Natasha, Sigmund
D:5 exclusion: slave, crauler's ghost, novice SpBe


Innate Abilities, Weirdness & Mutations

You have razor-sharp teeth.
Your natural rate of healing is unusually fast.
When hurt, damage is shared between your health and your magic reserves.
Your bite disrupts and absorbs the magic of your enemies.
Potions and wands cannot restore your health.
You are immune to rotting.


Message History

The hound is almost dead.
The hound bites you but does no damage.
The gnoll hits you with a flail of draining!
* * * LOW HITPOINT WARNING * * *
You feel drained.
* * * LOW HITPOINT WARNING * * *
Unknown command.
You barely miss the hound. You bite the hound, but do no damage.
The hound is almost dead.
The hound bites you but does no damage. The gnoll hits you but does no damage.
Unknown command.
You hit the hound but do no damage.
The hound is almost dead.
The hound bites you but does no damage. The gnoll hits you but does no damage.
You feel drained. The gnoll barely misses you. The hound barely misses you.
Unknown command.
You hit the hound.
You kill the hound!
The gnoll hits you with a flail of draining.
You die...

ਜਜ...ਜਜਜਜਜਜ.ਜਜਜਜਜ ਜ...ਜਜ
ਜ.ਜਜ...?. ਜ...ਜ ਜ.......ਜ ਜ...ਜ
ਜ.......ਜ ਜ...ਜਜਜਜਜਜਜਜ.ਜ.ਜਜ.ਜ
ਜ...............ਜ.ਜਜਜਜਜਜਜਜ
ਜਜਜਜਜਜ...ਜਜਜਜ..ਜਜ.ਜ..ਜ.ਜਜ.....ਜ
...............ਜਜgਜ....ਜਜ.....ਜ
...............Z@gg...........ਜ
........)......ਜਜਜਜ....ਜਜ....gਜ
ਜਜਜਜਜਜ...ਜਜਜਜ..ਜਜਜਜ..ਜਜਜਜ.....ਜ
ਜ...............ਜ


ਜਜਜਜਜਜਜ ਜ...ਜਜਜਜਜਜਜਜਜਜਜ.ਜ ਜ...ਜ ..ਜ ਜਜਜ...ਜਜਜ ਜਜਜ .ਜਜਜ)[.....ਜ ....††ਜ.ਜਜ.ਜ You
could see 3 gnolls and a hound skeleton.

Vanquished Creatures
  Purgy (Sewer)
  A sky beast (D:6)
  An ogre (D:6)
  A phantom (D:7)
  A necrophage (D:6)
  A bullfrog (D:7)
  A scorpion (D:4)
  A howler monkey (D:4)
  A crimson imp (D:6)
  2 hounds (D:7)
  2 orc priests (D:3)
  An iguana (D:6)
  2 worker ants
  Natasha (D:4)
  2 orc wizards (D:3)
  A killer bee zombie (D:6)
  A gnoll (D:7)
  8 adders
  A shadow imp (D:6)
  3 oozes
  An adder skeleton (D:5)
  3 worms
  A dart slug (D:3)
  2 leopard geckos
  21 orcs
  3 ball pythons
  5 giant cockroaches
  2 gnoll zombies (D:3)
  7 goblins
  4 hobgoblins
  10 kobolds
  3 quokkas
  8 bats
  3 frilled lizards
  A leopard gecko skeleton (D:5)
  2 quokka skeletons (D:4)
  12 rats
121 creatures vanquished.

Notes
Turn   | Place    | Note
-------+----------+-------------------------------------------
     0 | D:1      | Goblin1989 the Vine Stalker Assassin began the quest for the Orb.
     0 | D:1      | Reached XP level 1. HP: 11/11 MP: 2/2
   119 | D:1      | Reached skill level 5 in Stealth
   127 | D:1      | Reached XP level 2. HP: 13/15 MP: 3/3
   670 | D:2      | Reached XP level 3. HP: 17/18 MP: 4/4
   934 | D:2      | Gained mutation: Your natural rate of healing is unusually fast. [Vine Stalker growth]
   934 | D:2      | Reached XP level 4. HP: 22/23 MP: 5/5
  1383 | D:3      | Found a glowing golden altar of the Shining One.
  1387 | D:3      | Found a stormy altar of Qazlal.
  1387 | D:3      | Found a glowing silver altar of Zin.
  1388 | D:3      | Found a radiant altar of Vehumet.
  1486 | D:3      | Found a glowing drain.
  1498 | Sewer    | Entered a sewer
  1543 | Sewer    | Noticed Purgy
  1549 | Sewer    | Killed Purgy
  1549 | Sewer    | Reached skill level 6 in Stealth
  1549 | Sewer    | Reached XP level 5. HP: 20/26 MP: 6/6
  1571 | Sewer    | crauler: неумелый всас
  1573 | Sewer    | crauler: шкуру попортил
  1573 | Sewer    | Goblin1989: это да
  1830 | D:3      | Reached XP level 6. HP: 30/30 MP: 7/7
  1895 | D:3      | Found a shattered altar of Ashenzari.
  2257 | D:3      | Reached skill level 7 in Stealth
  2404 | D:3      | Reached skill level 5 in Short Blades
  2623 | D:3      | Found a basalt altar of Yredelemnul.
  2842 | D:4      | Noticed Natasha
  2911 | D:4      | Noticed Grinder
  3004 | D:4      | Killed Natasha
  3004 | D:4      | Reached XP level 7. HP: 24/35 MP: 8/8
  3055 | D:4      | Noticed Sigmund
  3076 | D:4      | Noticed Natasha
  3104 | D:5      | Entered Level 5 of the Dungeon
  3183 | D:5      | Found a sparkling altar of Nemelex Xobeh.
  3257 | D:5      | Noticed crauler's ghost (novice SpBe)
  3625 | D:6      | Found a shimmering altar of Xom.
  3703 | D:6      | Found a sparkling altar of Nemelex Xobeh.
  3783 | D:6      | Reached skill level 8 in Stealth
  3783 | D:6      | Gained mutation: You have razor-sharp teeth. [Vine Stalker growth]
  3783 | D:6      | Reached XP level 8. HP: 38/40 MP: 9/9
  3914 | D:6      | Found a staircase to the Ecumenical Temple.
  3923 | Temple   | Entered the Ecumenical Temple
  3936 | Temple   | Became a worshipper of Uskayaw the Reveler
  4196 | D:6      | Reached * piety under Uskayaw
  4198 | D:6      | Reached skill level 1 in Dodging
  4341 | D:7      | Reached ** piety under Uskayaw
  4381 | D:7      | HP: 1/42 [gnoll/flail of draining (2)]
  4384 | D:7      | Slain by a gnoll

Vault maps used:
D:1:      ncdulo_watergridlock, hangedman_decor_slide_cut, serial_park_tiny_2,
          minmay_split_cup_small
D:2:      minmay_misc_feat_tiny, minmay_tetromino_i2
D:3:      lemuel_upstairs_altar, lemuel_zombie_altar_yredelemnul, minitemple,
          portal_sewer_entry_b, nicolae_ashenzari_panopticon
D:4:      uniq_sigmund, uniq_crazy_yiuf_cottage, uniq_grinder, uniq_natasha
D:5:      first_bread, grunt_decor_cap, nemelex_spade_bored_becter, uniq_pikel
D:6:      old_standard_altar, basic_altar, abandoned_shop, minmay_misc_feat_x
Temple:   eino_wide_crystal_templ
Sewer:    kennysheep_door_sewer

Skill      XL: |  1  2  3  4  5  6  7  8 |
---------------+-------------------------+-----
Short Blades   | 2 3 4 5 6 |  6.6
Stealth        | 5 6 7 8 |  8.4
Fighting       | 2 3 |  3.7
Dodging        | 1 |  1.5
Throwing       | |  1.7

Action                   |  1- 3 |  4- 6 |  7- 9 || total
-------------------------+-------+-------+-------++-------
Melee: Dagger            |    65 |   192 |   252 ||   509
       Bite              |    17 |    62 |    62 ||   141
 Fire: Blowgun           |       |       |     1 ||     1
  Use: Scroll            |     5 |     3 |     1 ||     9
 Stab: Sleeping          |    11 |    17 |     9 ||    37
       Distracted        |       |     1 |       ||     1
  Eat: Fruit             |       |     2 |       ||     2
       Chunk             |       |     5 |     2 ||     7
       Pizza             |       |       |     1 ||     1
Armor: Robe              |    11 |    40 |    93 ||   144
Dodge: Dodged            |    27 |    67 |   108 ||   202

Vault maps used:
D:1:      ncdulo_watergridlock, hangedman_decor_slide_cut, serial_park_tiny_2,
          minmay_split_cup_small
D:2:      minmay_misc_feat_tiny, minmay_tetromino_i2
D:3:      lemuel_upstairs_altar, lemuel_zombie_altar_yredelemnul, minitemple,
          portal_sewer_entry_b, nicolae_ashenzari_panopticon
D:4:      uniq_sigmund, uniq_crazy_yiuf_cottage, uniq_grinder, uniq_natasha
D:5:      first_bread, grunt_decor_cap, nemelex_spade_bored_becter, uniq_pikel
D:6:      old_standard_altar, basic_altar, abandoned_shop, minmay_misc_feat_x
Temple:   eino_wide_crystal_templ
Sewer:    kennysheep_door_sewer
